 Dungeon Crawl Stone Soup version 0.20.1-1-g8b1a95d (console) character file.

960 Kloppie the Spear-Bearer (level 8, -2/63 HPs)
             Began as a Merfolk Gladiator on July 23, 2017.
             Was an Initiate of Okawaru.
             Shot with an arrow by a centaur (6 damage)
             ... on level 5 of the Dungeon.
             The game lasted 00:07:33 (5270 turns).

Kloppie the Spear-Bearer (Merfolk Gladiator)        Turns: 5270, Time: 00:07:34

Health: -2/63      AC:  6    Str: 16 (17) XL:     8   Next: 14%
Magic:  8/8        EV: 15    Int:  4 (7)  God:    Okawaru [......]
Gold:   209        SH:  0    Dex: 14 (15) Spells: 7/7 levels left

rFire    . . .     SeeInvis .   a - +0 trident
rCold    . . .     Gourm    .   (no shield)
rNeg     . . .     Faith    .   t - +0 ring mail
rPois    .         Spirit   .   c - +0 helmet
rElec    .         Reflect  .   (no cloak)
rCorr    .         Harm     .   (no gloves)
MR       .....                  (no boots)
Stlth    +.........             (no amulet)
Regen    0.2/turn               (no ring)
MPRegen  0.2/turn               (no ring)

@: very slightly contaminated
A: change form in water, swift swim, stealthy swim
a: Renounce Religion


You were on level 5 of the Dungeon.
You worshipped Okawaru.
Okawaru was noncommittal.
You were hungry.

You visited 1 branch of the dungeon, and saw 5 of its levels.

You collected 209 gold pieces.

Inventory:

Hand Weapons
 a - a +0 trident (weapon)
Missiles
 d - a throwing net (quivered)
Armour
 c - a +0 helmet (worn)
 t - a +0 ring mail (worn)
Jewellery
 i - an uncursed ring of ice
Wands
 h - a wand of lightning (3/15)
Scrolls
 l - 2 scrolls of remove curse
 n - 2 scrolls of teleportation
 p - 2 scrolls of identify
Potions
 k - 2 potions of flight
Books
 j - a book of Frost

   Spells                             Type                      Level
   a - Freeze                         Ice                          1
   b - Throw Frost                    Conjuration/Ice              2
   c - Ozocubu's Armour               Charms/Ice                   3
   d - Throw Icicle                   Conjuration/Ice              4
   e - Summon Ice Beast               Ice/Summoning                4
 o - a book of Maledictions

   Spells                             Type                      Level
   a - Corona                         Hexes                        1
   b - Ensorcelled Hibernation        Hexes/Ice                    2
   c - Confuse                        Hexes                        3
   d - Tukima's Dance                 Hexes                        3
   e - Dazzling Spray                 Conjuration/Hexes            3
Comestibles
 f - 3 bread rations
 g - 4 meat rations
 q - a royal jelly


   Skills:
 + Level 5.4 Fighting
 + Level 10.0 Polearms
 - Level 2.0 Throwing
 - Level 7.2 Dodging


You had 7 spell levels left.
You didn't know any spells.

Dungeon Overview and Level Annotations

Branches:
Dungeon (5/15)
 Temple: D:4-7

Altars:
Fedhas
Gozag
Nemelex Xobeh
Okawaru
Qazlal
Xom
The Shining One

Annotations:
D:5 Dowan, Duvessa


Message History

* * * LOW HITPOINT WARNING * * *
Duvessa closely misses you.
Evoke which item? (* to show all) (? for menu, Esc to quit)
Aiming: Lightning Bolt
Press: ? - help, Shift-Dir - straight line, f/p - centaur
Aim: a centaur (heavily wounded)
You hear a mighty clap of thunder!
The bolt of lightning misses the centaur.
This wand has 3 charges left.
The centaur hits you.
* * * LOW HITPOINT WARNING * * *
Duvessa hits you but does no damage. The centaur closely misses you.
Blink to where?
Press: ? - help, Dir - move target cursor, p - centaur You are very lightly contaminated with residual magic.
As you read the scroll of blinking, it crumbles to dust.
The centaur wields an uncursed shortbow.
The centaur shoots an arrow.
The arrow closely misses you.
Okay, then.
The centaur shoots an arrow.
The arrow hits you.
You die...

#####.##.#......#
...........##.#.#
###...#.####.#.#
#......####.#.#
##...#......#.#
##.#########<#
#.# .# #.# .#
##@## ##.(.##
##.....##
##.......##
###.........#
.'.........+
###†........#
##ce.....##
##.....##


You could see Duvessa and a centaur.

Vanquished Creatures
  Grinder (D:3)
  2 phantoms (D:4)
  2 ogres (D:4)
  A crimson imp (D:3)
  A hound (D:4)
  An orc wizard (D:4)
  A bullfrog skeleton (D:4)
  A worker ant (D:4)
  Terence (D:3)
  8 gnolls
  7 adders
  2 oozes (D:2)
  2 worms
  3 dart slugs
  A leopard gecko (D:3)
  9 orcs
  4 ball pythons (D:3)
  7 bats
  3 giant cockroaches
  7 goblins
  8 hobgoblins
  8 jackals
  8 kobolds
  2 quokkas
  4 frilled lizards
  7 rats
101 creatures vanquished.

Notes
Turn   | Place    | Note
-------+----------+-------------------------------------------
     0 | D:1      | Kloppie the Merfolk Gladiator began the quest for the Orb.
     0 | D:1      | Reached XP level 1. HP: 16/16 MP: 1/1
   240 | D:1      | Reached XP level 2. HP: 23/23 MP: 2/2
   615 | D:1      | Reached skill level 5 in Polearms
   711 | D:2      | Reached XP level 3. HP: 29/29 MP: 3/3
   729 | D:2      | Found an opulent altar of Gozag.
   729 | D:2      | Found a sparkling altar of Nemelex Xobeh.
   845 | D:2      | Found a stormy altar of Qazlal.
   847 | D:2      | Found a faded altar of an unknown god.
   848 | D:2      | Found a faded altar of an unknown god.
  1377 | D:2      | Reached XP level 4. HP: 24/37 MP: 4/4
  1798 | D:2      | Found a shimmering altar of Xom.
  1859 | D:2      | Reached skill level 6 in Polearms
  2063 | D:2      | Reached XP level 5. HP: 25/43 MP: 5/5
  2369 | D:3      | Noticed Grinder
  2718 | D:4      | Noticed an ogre
  2724 | D:4      | Killed an ogre
  2724 | D:4      | Reached skill level 7 in Polearms
  2867 | D:4      | Reached skill level 5 in Fighting
  2867 | D:4      | Reached XP level 6. HP: 43/51 MP: 6/6
  3163 | D:4      | Noticed a phantom
  3226 | D:4      | Killed a phantom
  3226 | D:4      | Reached skill level 8 in Polearms
  3226 | D:4      | Reached skill level 5 in Dodging
  3226 | D:4      | Reached XP level 7. HP: 18/56 MP: 7/7
  4313 | D:3      | Killed Grinder
  4313 | D:3      | Reached skill level 9 in Polearms
  4502 | D:3      | Reached XP level 8. HP: 62/62 MP: 8/8
  4589 | D:3      | Found a blossoming altar of Fedhas.
  4597 | D:3      | Found an iron altar of Okawaru.
  4605 | D:3      | Found a glowing golden altar of the Shining One.
  4611 | D:3      | Became a worshipper of Warmaster Okawaru
  4899 | D:3      | Noticed Terence
  4902 | D:3      | Killed Terence
  4902 | D:3      | Reached skill level 10 in Polearms
  5196 | D:5      | Entered Level 5 of the Dungeon
  5253 | D:5      | Noticed Duvessa
  5254 | D:5      | Noticed Dowan
  5270 | D:5      | Shot with an arrow by a centaur

Skill      XL: |  1  2  3  4  5  6  7  8 |
---------------+-------------------------+-----
Fighting       | 3 4 5 |  5.4
Polearms       | 5 6 7 8 9 10 | 10.0
Dodging        | 5 7 |  7.2
Throwing       | |  2.0

Action                   |  1- 3 |  4- 6 |  7- 9 || total
-------------------------+-------+-------+-------++-------
Melee: Trident           |    90 |   128 |   174 ||   392
Throw: Throwing net      |       |     5 |       ||     5
Evoke: Wand              |       |       |    11 ||    11
  Use: Potion            |       |     3 |     1 ||     4
       Scroll            |       |       |     8 ||     8
 Stab: Sleeping          |     3 |       |       ||     3
       Held in net/web   |       |     1 |       ||     1
  Eat: Chunk             |     1 |     6 |     6 ||    13
Armor: Leather armour    |    10 |    16 |    20 ||    46
       Ring mail         |       |       |     3 ||     3
Dodge: Dodged            |    54 |    59 |    93 ||   206
